 Dungeon Sprint DCSS version 0.21.1-1-g345015f (webtiles) character file.

12200000 Fang the Axe Maniac (level 27, -68/341 HPs)
             Began as a Demonspawn Gladiator on May 31, 2018.
             Was the Champion of Makhleb.
             Annihilated by a meat berserker
             ... wielding a +9 battleaxe
              (81 damage)
             ... in the Dungeon (Sprint VIII: "Arena of Blood").
             The game lasted 00:05:04 (122 turns).

Fang the Axe Maniac (Demonspawn Gladiator)           Turns: 122, Time: 00:05:05

Health: -68/341    AC: 11    Str: 24    XL:     27
Magic:  44/54      EV: 33    Int: 10    God:    Makhleb [******]
Gold:   0          SH:  0    Dex: 18    Spells: 80/80 levels left

rFire    . . .     SeeInvis .   l - +∞ Axe of Woe
rCold    . . .     Gourm    .   (shield currently unavailable)
rNeg     . . .     Faith    .   b - +0 leather armour
rPois    .         Spirit   .   c - +0 helmet
rElec    .         Reflect  .   (no cloak)
rCorr    .         Harm     .   (no gloves)
MR       ++...     NoTele   +   (boots unavailable)
Stlth    +++++++++.             (no amulet)
HPRegen  9.66/turn              (no ring)
MPRegen  0.34/turn              (no ring)

@: lethally poisoned (-68 -> -68)
A: talons 3, rugged brown scales 3, foul stench 2, powered by death 3, robust 3,
rot immunity
a: Minor Destruction, Lesser Servant of Makhleb, Major Destruction, Greater
Servant of Makhleb, Renounce Religion


You were in the Dungeon.
You worshipped Makhleb.
Makhleb was exalted by your worship.
You were not hungry.

You visited 1 branch

Inventory:

Hand Weapons
 a - a +0 war axe
 l - the +∞ Axe of Woe (weapon)
   (You found it in the Dungeon)
Missiles
 d - 3 throwing nets (quivered)
Armour
 b - a +0 leather armour (worn)
 c - a +0 helmet (worn)
Scrolls
 k - a scroll of blinking
Potions
 e - a potion of curing
 g - a potion of heal wounds
 h - a potion of haste
 i - 2 potions of magic
 j - a potion of berserk rage
Comestibles
 f - a ration


   Skills:
 O Level 27 Fighting
 O Level 27 Axes
 O Level 27 Throwing
 O Level 27 Armour
 O Level 27 Dodging
 O Level 27 Stealth
 O Level 27 Unarmed Combat
 O Level 27 Spellcasting
 O Level 27 Invocations


You had 80 spell levels left.
You didn't know any spells.

Dungeon Overview and Level Annotations

Branches:
Dungeon (1/1)

Altars:
Makhleb


Innate Abilities, Weirdness & Mutations

You have claws for feet.
You are completely covered in rugged brown scales. (AC +3, +7% HP)
You frequently emit foul miasma when damaged in melee.
You regenerate a lot of health from kills.
You are extremely robust. (+30% HP)
You are immune to rotting.


Message History

The meat berserker convulses!
The scourge convulses!
The bag of meat convulses!
The eight-headed meat hydra convulses!
The bag of meat convulses!
You hear a shout!
An orc and a wraith come into view.
Unknown command.
You feel very sick.
You hear a shout!
You feel something staring at you. Something smites you!
* * * LOW HITPOINT WARNING * * *
The bag of meat closely misses you.
You hear a shout!
The bag of meat moves out of view.
The eight-headed meat hydra calls on the powers of darkness!
The eight-headed meat hydra convulses!
The bag of meat convulses! x3
The scourge convulses!
Your body is wracked with pain!
* * * LOW HITPOINT WARNING * * *
The meat berserker convulses!
The bag of meat convulses!
The eight-headed meat hydra convulses!
The meat berserker hits you with a +9 battleaxe!!!!
You die...

#.. #.).....#
....###)))....###....
....%.)))###....%....
.#....))))_....%..W..
......)#.)...#.......
.......#_)D._#.§.....
V......#....)#§...%.#
.#........_§)))..S..W
.........###o@OS.o...
....###....oo§###oo..
.... #.%.).§D# ...
#...{S{o# .......%..
...........
...........
..........##


You could see 2 eight-headed meat hydras, 3 scourges, 2 dreads, a meat berserker
(berserk) and 7 bags of meat.

Vanquished Creatures
  7 hell beasts (D)
  7 greater mummies (D)
  2 great orbs of eyes (D)
  2 wraiths (D)
  Harold (D)
  15 vampire knights (D)
  33 ogres (D)
  7 two-headed ogres (D)
  4 liches (D)
  4 hydras (D)
  69 orcs (D)
  2 phantoms (D)
  6 skeletal warriors (D)
  A sea snake (D)
  4 large abominations (D)
  9 small abominations (D)
  11 crawling corpses (D)
184 creatures vanquished.

Vanquished Creatures (others)
  An ogre (D)
  An orc (D)
  5 crawling corpses (D)
7 creatures vanquished.

Grand Total: 191 creatures vanquished

Notes
Turn   | Place    | Note
-------+----------+-------------------------------------------
     0 | D        | Found the +∞ Axe of Woe
     0 | D        | Fang the Demonspawn Gladiator began the quest for the Orb.
     0 | D        | Reached XP level 1. HP: 16/16 MP: 1/1
     4 | D        | Became a worshipper of Makhleb the Destroyer
     5 | D        | Noticed a bag of meat
     6 | D        | Noticed a bag of meat
     6 | D        | Noticed a bag of meat
     6 | D        | Noticed a meat berserker
     7 | D        | Noticed a bag of meat
     7 | D        | Noticed a meat berserker
     8 | D        | Killed a meat berserker
     8 | D        | Reached skill level 10 in Throwing
     8 | D        | Gained mutation: You regenerate a little health from kills. [demonic ancestry]
     8 | D        | Reached XP level 2. HP: 38/38 MP: 2/2
     8 | D        | Reached XP level 3. HP: 44/44 MP: 3/3
     8 | D        | Gained mutation: You have sharp toenails. [demonic ancestry]
     8 | D        | Reached XP level 4. HP: 51/51 MP: 4/4
     8 | D        | Reached XP level 5. HP: 57/57 MP: 5/5
     8 | D        | Gained mutation: You are partially covered in rugged brown scales. (AC +1, +3% HP) [demonic ancestry]
     8 | D        | Reached XP level 6. HP: 57/65 MP: 6/6
     8 | D        | Gained mutation: You regenerate health from kills. [demonic ancestry]
     8 | D        | Reached XP level 7. HP: 62/71 MP: 7/7
     8 | D        | Reached XP level 8. HP: 68/78 MP: 8/8
     8 | D        | Gained mutation: You are immune to rotting. [demonic ancestry]
     8 | D        | Reached XP level 9. HP: 73/84 MP: 9/9
     8 | D        | Reached XP level 10. HP: 79/91 MP: 10/10
     8 | D        | Gained mutation: You have razor-sharp toenails. [demonic ancestry]
     8 | D        | Reached XP level 11. HP: 85/97 MP: 11/11
     8 | D        | Reached XP level 12. HP: 92/105 MP: 12/12
     8 | D        | Gained mutation: You are mostly covered in rugged brown scales. (AC +2, +5% HP) [demonic ancestry]
     8 | D        | Reached XP level 13. HP: 92/112 MP: 13/13
     8 | D        | HP: 2/112 [meat berserker/+9 battleaxe (48)]
     8 | D        | Noticed a bag of meat
     9 | D        | Noticed a meat berserker
     9 | D        | Killed a meat berserker
     9 | D        | Reached * piety under Makhleb
     9 | D        | Gained mutation: You regenerate a lot of health from kills. [demonic ancestry]
     9 | D        | Reached XP level 14. HP: 3/124 MP: 14/14
    10 | D        | Noticed a bag of meat
    10 | D        | Killed a bag of meat
    10 | D        | Killed a bag of meat
    10 | D        | Reached skill level 15 in Fighting
    10 | D        | Reached XP level 15. HP: 39/135 MP: 15/15
    11 | D        | Killed a meat berserker
    11 | D        | Reached ** piety under Makhleb
    12 | D        | Noticed a meat berserker
    12 | D        | Noticed a meat berserker
    13 | D        | Reached skill level 27 in Axes
    13 | D        | Reached skill level 15 in Throwing
    13 | D        | Gained mutation: You may emit foul miasma when damaged in melee. [demonic ancestry]
    13 | D        | Reached XP level 16. HP: 132/147 MP: 16/16
    13 | D        | Reached *** piety under Makhleb
    13 | D        | Reached skill level 27 in Dodging
    14 | D        | Reached XP level 17. HP: 165/165 MP: 17/17
    15 | D        | Noticed a meat berserker
    15 | D        | Killed a meat berserker
    15 | D        | Reached skill level 10 in Armour
    16 | D        | Killed a meat berserker
    16 | D        | Reached **** piety under Makhleb
    16 | D        | Gained mutation: You are completely covered in rugged brown scales. (AC +3, +7% HP) [demonic ancestry]
    16 | D        | Reached XP level 18. HP: 179/191 MP: 18/18
    18 | D        | Noticed a meat berserker
    18 | D        | Noticed a meat berserker
    18 | D        | Noticed a meat berserker
    18 | D        | Reached skill level 27 in Fighting
    19 | D        | Killed a meat berserker
    19 | D        | Reached skill level 27 in Throwing
    19 | D        | Gained mutation: You are robust. (+10% HP) [demonic ancestry]
    19 | D        | Reached XP level 19. HP: 194/221 MP: 19/19
    20 | D        | Noticed a meat berserker
    20 | D        | Reached ***** piety under Makhleb
    21 | D        | Noticed a meat berserker
    22 | D        | Noticed a large bag of meat
    22 | D        | Reached skill level 27 in Armour
    24 | D        | Killed a meat berserker
    24 | D        | Reached skill level 10 in Unarmed Combat
    24 | D        | Reached skill level 10 in Spellcasting
    24 | D        | Killed a meat berserker
    24 | D        | Reached skill level 15 in Stealth
    24 | D        | Gained mutation: You have claws for feet. [demonic ancestry]
    24 | D        | Reached XP level 20. HP: 230/230 MP: 19/38
    24 | D        | Noticed a destroyer
    25 | D        | Noticed a meat berserker
    25 | D        | Killed a meat berserker
    26 | D        | Killed a destroyer
    26 | D        | Reached XP level 21. HP: 238/238 MP: 19/44
    27 | D        | Noticed a large bag of meat
    27 | D        | Reached ****** piety under Makhleb
    27 | D        | Reached skill level 27 in Invocations
    29 | D        | Reached XP level 22. HP: 248/248 MP: 19/50
    30 | D        | Noticed a destroyer
    30 | D        | Noticed a large bag of meat
    30 | D        | Reached skill level 27 in Stealth
    31 | D        | Noticed a large bag of meat
    31 | D        | Noticed The Servant
    31 | D        | Reached skill level 27 in Unarmed Combat
    31 | D        | Reached skill level 27 in Spellcasting
    33 | D        | Killed a destroyer
    33 | D        | Reached XP level 23. HP: 256/256 MP: 20/54
    34 | D        | Noticed a destroyer
    35 | D        | Killed a large bag of meat
    35 | D        | Gained mutation: You are very robust. (+20% HP) [demonic ancestry]
    35 | D        | Reached XP level 24. HP: 256/288 MP: 21/54
    35 | D        | Killed a large bag of meat
    36 | D        | Noticed a destroyer
    37 | D        | Noticed a destroyer
    37 | D        | Killed a destroyer
    38 | D        | Killed a destroyer
    38 | D        | Reached XP level 25. HP: 297/297 MP: 22/54
    39 | D        | Noticed a destroyer
    39 | D        | Killed a large bag of meat
    40 | D        | Killed a large bag of meat
    41 | D        | Gained mutation: You are extremely robust. (+30% HP) [demonic ancestry]
    41 | D        | Reached XP level 26. HP: 297/331 MP: 22/54
    42 | D        | Killed a destroyer
    45 | D        | Noticed a destroyer
    45 | D        | Gained mutation: You frequently emit foul miasma when damaged in melee. [demonic ancestry]
    45 | D        | Reached XP level 27. HP: 319/341 MP: 23/54
    46 | D        | Killed a destroyer
    48 | D        | Noticed a destroyer
    48 | D        | Noticed a tyrant
    54 | D        | Killed a tyrant
    54 | D        | Noticed a destroyer
    58 | D        | Killed a destroyer
    61 | D        | Noticed a tyrant
    61 | D        | Killed a destroyer
    64 | D        | Killed The Servant
    65 | D        | Killed a destroyer
    66 | D        | Noticed a tyrant
    66 | D        | Noticed a destroyer
    68 | D        | Noticed a meat beast
    69 | D        | Killed a tyrant
    70 | D        | Noticed a destroyer
    70 | D        | Noticed a dread
    71 | D        | Killed a meat beast
    72 | D        | Noticed a destroyer
    72 | D        | Noticed an accursed
    72 | D        | Noticed a dread
    73 | D        | Noticed an accursed
    74 | D        | Noticed a large bag of meat
    75 | D        | Noticed a large bag of meat
    75 | D        | Noticed a meat beast
    75 | D        | Killed a destroyer
    76 | D        | Noticed an accursed
    76 | D        | Noticed a meat beast
    76 | D        | Killed a destroyer
    77 | D        | Noticed a meat beast
    78 | D        | Killed an accursed
    79 | D        | Noticed a meat beast
    79 | D        | Killed a meat beast
    79 | D        | Killed a meat beast
    80 | D        | Noticed an accursed
    81 | D        | Noticed a large bag of meat
    81 | D        | Noticed a destroyer
    81 | D        | Killed a meat beast
    81 | D        | Killed a destroyer
    82 | D        | Noticed a destroyer
    82 | D        | Killed an accursed
    82 | D        | Killed a meat beast
    83 | D        | Killed a dread
    84 | D        | Noticed a dread
    84 | D        | Killed a destroyer
    85 | D        | Killed a large bag of meat
    85 | D        | Killed a destroyer
    87 | D        | Noticed an accursed
    88 | D        | Noticed an accursed
    91 | D        | Noticed a tyrant
    94 | D        | Killed a dread
    94 | D        | Killed a large bag of meat
    95 | D        | Noticed a meat beast
    95 | D        | Killed an accursed
    96 | D        | Killed an accursed
   100 | D        | Killed a meat beast
   101 | D        | Noticed a meat beast
   102 | D        | Killed a tyrant
   105 | D        | Noticed an accursed
   106 | D        | Noticed a tyrant
   106 | D        | Killed a meat beast
   107 | D        | Noticed a destroyer
   107 | D        | Killed a large bag of meat
   109 | D        | Killed an accursed
   113 | D        | Killed an accursed
   113 | D        | Killed an accursed
   117 | D        | Killed a destroyer
   118 | D        | Killed a tyrant
   120 | D        | Noticed a dread
   122 | D        | Noticed a dread
   122 | D        | HP: 13/341 [??? (10)]
   122 | D        | Annihilated by a meat berserker

Skill      XL: |  1  2  3  4  5  6  7  8  9 10 11 12 13 14 15 16 17 18 19 20 21 22 |
---------------+-------------------------------------------------------------------+-----
Fighting       | 11 13 15 16 21 26 27 | 27.0
Axes           | 19 22 24 27 | 27.0
Throwing       | 10 12 13 15 19 23 27 | 27.0
Dodging        | 18 21 23 25 27 | 27.0
Armour         | 2 8 12 21 27 | 27.0
Stealth        | 15 20 26 27 | 27.0
Unarmed Combat | 14 19 24 27 | 27.0
Spellcasting   | 14 19 24 27 | 27.0
Invocations    | 18 25 27 | 27.0

Action                   |  1- 3 |  4- 6 |  7- 9 | 10-12 | 13-15 | 16-18 | 19-21 | 22-24 | 25-27 || total
-------------------------+-------+-------+-------+-------+-------+-------+-------+-------+-------++-------
Melee: Executioner's axe |     1 |       |       |       |     4 |     5 |     8 |     9 |    64 ||    91
Armor: Leather armour    |       |       |       |       |       |       |       |       |     4 ||     4
Dodge: Dodged            |       |       |       |       |     1 |       |     2 |       |    23 ||    26
